 Seeded DCSS version 0.28.0-53-g5a82cb258f (webtiles) character file.

Game seed: 123 (custom seed)

58 eooof the Chopper (level 4, 0/40 HPs)
             Began as a Hill Orc Monk on June 29, 2022.
             Slain by an iguana (7 damage)
             ... on level 3 of the Dungeon.
             The game lasted 00:03:25 (970 turns).

eooof the Chopper (Hill Orc Monk)                    Turns: 970, Time: 00:03:26

Health: 0/40       AC:  9    Str: 15    XL:     4   Next: 1%
Magic:  4/4        EV:  7    Int: 10    God:
Gold:   33         SH:  0    Dex: 13    Spells: 3/3 levels left

rFire   . . .      SeeInvis .   a - +0 hand axe
rCold   . . .      Faith    .   (no shield)
rNeg    . . .      Spirit   .   e - +0 chain mail
rPois   .          Reflect  .   (no helmet)
rElec   .          Harm     .   (no cloak)
rCorr   .          Rampage  .   (no gloves)
Will    .....                   d - +0 pair of boots
Stlth   ..........              (no amulet)
HPRegen 0.13/turn               (no ring)
MPRegen 0.09/turn               (no ring)

@: no status effects
A: no striking features
a: no special abilities


You were on level 3 of the Dungeon.
You visited 1 branch of the dungeon, and saw 3 of its levels.

You collected 33 gold pieces.

Inventory:

Hand Weapons
 a - a +0 hand axe (weapon)
Armour
 b - a +0 robe
 c - a +0 scale mail
 d - a +0 pair of boots (worn)
 e - a +0 chain mail (worn)
 g - a +0 pair of boots
Scrolls
 f - a scroll of noise {unknown}


   Skills:
 + Level 4.2 Fighting
 + Level 4.7 Axes
 + Level 2.8 Dodging
 + Level 2.2 Stealth


You had 3 spell levels left.
You didn't know any spells.
Your spell library was empty.

Dungeon Overview and Level Annotations

Branches:
Dungeon (3/15)

Altars:


Message History

The iguana bites you but does no damage.
The rat closely misses you.
You slash the rat!
You kill the rat!
You hit the iguana but do no damage.
The iguana bites you but does no damage.
The iguana bites you but does no damage.
You barely miss the iguana. The iguana bites you!
You hit the iguana but do no damage.
The iguana bites you but does no damage.
You hit the iguana.
The iguana is moderately wounded.
The iguana bites you but does no damage.
You closely miss the iguana.
The iguana is moderately wounded.
The iguana bites you.
You closely miss the iguana.
The iguana is moderately wounded.
The iguana bites you!
You hit the iguana.
The iguana is heavily wounded.
The iguana bites you but does no damage.
You hit the iguana.
The iguana is severely wounded.
The iguana bites you.
You hit the iguana but do no damage.
The iguana is severely wounded.
The iguana bites you.
* * * LOW HITPOINT WARNING * * *
You hit the iguana but do no damage.
The iguana is severely wounded.
The iguana bites you.
* * * LOW HITPOINT WARNING * * *
You closely miss the iguana.
The iguana is severely wounded.
The iguana bites you but does no damage.
You hit the iguana.
The iguana is almost dead.
The iguana bites you!
You die...

#.....# #.....#
#$....# #.....#+#+
#...[.....
#.........
#.........
#.@........
#.l............
#.###..........
####'###..<......
#..............#
###..............#
#.?..............#
#.........#......##
#.............<...#


You could see an iguana.

Vanquished Creatures
  2 adders (D:2)
  2 dart slugs (D:1)
  3 bats
  2 endoplasms
  3 giant cockroaches
  4 goblins
  3 hobgoblins (D:1)
  3 jackals (D:2)
  2 kobolds (D:1)
  A quokka (D:2)
  4 ball pythons
  A rat (D:3)
30 creatures vanquished.

Notes
Turn   | Place    | Note
-------+----------+-------------------------------------------
     0 | D:1      | eooof the Hill Orc Monk began the quest for the Orb.
     0 | D:1      | Reached XP level 1. HP: 19/19 MP: 1/1
    61 | D:1      | Reached XP level 2. HP: 23/27 MP: 2/2
   427 | D:2      | Reached XP level 3. HP: 30/33 MP: 3/3
   811 | D:2      | Reached XP level 4. HP: 23/40 MP: 4/4
   970 | D:3      | Slain by an iguana

Illustrated notes

Levels and vault maps discovered:
D:1:      lemuel_arrival_rhombus, layout_rooms, shapermc_ecumenical_altar_gd
D:2:      layout_basic, uniq_crazy_yiuf_cottage
D:3:      kennysheep_six_static_rooms, layout_basic

Skill      XL: |  1  2 |
---------------+-------+-----
Fighting       | 4 |  4.2
Stealth        | 2 |  2.2
Axes           | |  4.7
Dodging        | |  2.8

Action                   |  1- 3 |  4- 6 || total
-------------------------+-------+-------++-------
Melee: Hand axe          |    81 |    14 ||    95
       Punch             |     1 |       ||     1
  Use: Potion            |     2 |       ||     2
       Scroll            |     1 |       ||     1
Armor: Robe              |    10 |       ||    10
       Chain mail        |    56 |     9 ||    65
Dodge: Dodged            |    59 |     1 ||    60
